 Dungeon Crawl Stone Soup version 0.26-b1-57-gb162d0664a (webtiles) character file.

Game seed: 1369208521365823362

156 Acheron the Skirmisher (level 5, -3/33 HPs)
             Began as a Gargoyle Monk on Jan 8, 2021.
             Was a Believer of Okawaru.
             Killed by divine providence
             ... invoked by an orc priest
              (10 damage)
             ... on level 5 of the Dungeon.
             The game lasted 00:13:36 (2600 turns).

Acheron the Skirmisher (Gargoyle Monk)              Turns: 2600, Time: 00:13:36

Health: -3/33      AC:  7    Str: 14      XL:     5   Next: 37%
Magic:  5/6        EV: 11    Int: 11      God:    Okawaru [**....]
Gold:   213        SH:  3    Dex:  9 (13) Spells: 5/5 levels left

rFire    . . .     SeeInvis .   a - +0 hand axe
rCold    . . .     Faith    .   k - +0 buckler
rNeg     + . .     Spirit   .   h - +0 leather armour (curse)
rPois    ∞         Reflect  .   (no helmet)
rElec    +         Harm     .   (no cloak)
rCorr    .         Rampage  .   (no gloves)
Will     .....                  (no boots)
Stlth    ++........             (no amulet)
HPRegen  0.11/turn              (no ring)
MPRegen  0.10/turn              (no ring)

@: hasted, very quick
A: negative energy resistance 1, electricity resistance, unbreathing,
petrification resistance, miasma immunity, AC +4
a: Renounce Religion, Heroism


You were on level 5 of the Dungeon.
You worshipped Okawaru.
Okawaru was pleased with you.
You visited 1 branch of the dungeon, and saw 5 of its levels.

You collected 213 gold pieces.

Inventory:

Hand Weapons
 a - a +0 hand axe (weapon)
 g - a +1 short sword of venom
Missiles
 c - 85 stones
 f - 50 poisoned darts (quivered)
 l - 19 sling bullets
 t - 2 silver boomerangs
Armour
 h - a cursed +0 leather armour (worn)
 k - a +0 buckler (worn)
Wands
 v - a wand of flame (19)
Scrolls
 b - a scroll of enchant weapon {unknown}
 e - a scroll of enchant armour {unknown}
 i - a scroll of remove curse
 n - a scroll of amnesia
 o - a scroll of noise {unknown}
 s - a scroll of identify
 u - a scroll of blinking {unknown}
Potions
 j - a potion of berserk rage {unknown}
 m - a potion of resistance {unknown}
 p - 2 potions of flight
 q - a potion of haste
 r - a potion of brilliance


   Skills:
 + Level 3.7 Fighting
 + Level 3.3 Axes
 * Level 1.2 Throwing
 * Level 1.4 Armour
 + Level 2.9 Dodging
 * Level 2.9 Stealth
 * Level 1.2 Shields
 * Level 0.8 Spellcasting
 * Level 1.1 Invocations


You had 5 spell levels left.
You didn't know any spells.
Your spell library was empty.

Dungeon Overview and Level Annotations

Branches:
Dungeon (5/15)
 Temple: D:4-7

Altars:
Elyvilon
Nemelex Xobeh
Okawaru

Annotations:
D:3 Terence
D:4 Pikel


Innate Abilities, Weirdness & Mutations

You are resistant to torment.
Your stone body is resilient. (AC +4)
You are immune to poison.
You resist negative energy. (rN+)
You are resistant to electric shocks. (rElec)
You can survive without breathing.
You are immune to petrification.
You are immune to miasma.


Message History

Your shield prevents you from hitting the orc priest.
The orc priest begins to cast a cantrip, but forgets the words!
The orc priest barely misses you.
Unknown command.
You closely miss the orc priest.
The orc priest is heavily wounded.
You barely miss the orc priest.
The orc priest hits you with a +0 trident.
The orc priest closely misses you.
You barely miss the orc priest.
The orc priest is heavily wounded.
You barely miss the orc priest.
The orc priest hits you with a +0 trident.
The orc priest hits you with a +0 club.
* * * LOW HITPOINT WARNING * * *
Unknown command.
You feel yourself speed up. The orc priest barely misses you.
The orc priest calls down the wrath of Beogh upon you.
Beogh smites you!
You die...

.............
#............
#............
+............
#............
#............
#####....†o......
#..).....@o......
+................
#.............$..
#.!..............
#.........((.....
#................
#....####+######.
#....# ###.##


You could see 2 orc priests.

Vanquished Creatures
  A lemure (D:5)
  A quasit (D:5)
  A worker ant (D:4)
  4 adders
  An ooze (D:3)
  2 dart slugs
  2 leopard geckos
  4 orcs
  5 bats
  2 giant cockroaches (D:1)
  7 goblins
  6 hobgoblins
  6 kobolds
  A quokka (D:3)
  2 ball pythons (D:1)
  5 frilled lizards
  A quokka skeleton (D:4)
51 creatures vanquished.

Notes
Turn   | Place    | Note
-------+----------+-------------------------------------------
     0 | D:1      | Acheron the Gargoyle Monk began the quest for the Orb.
     0 | D:1      | Reached XP level 1. HP: 14/14 MP: 1/1
   168 | D:1      | Reached XP level 2. HP: 17/19 MP: 2/2
   694 | D:1      | Reached XP level 3. HP: 22/23 MP: 3/3
   901 | D:2      | Found an iron altar of Okawaru.
   909 | D:2      | Became a worshipper of Warmaster Okawaru
   909 | D:2      | Reached * piety under Okawaru
   909 | D:2      | Reached ** piety under Okawaru
  1430 | D:3      | Found a sparkling altar of Nemelex Xobeh.
  1695 | D:3      | Noticed Terence
  1789 | D:3      | Reached XP level 4. HP: 27/29 MP: 4/4
  1793 | D:3      | Reached skill level 1 in Armour
  1925 | D:4      | Found a white marble altar of Elyvilon.
  2073 | D:4      | Reached skill level 1 in Throwing
  2073 | D:4      | Reached skill level 1 in Shields
  2073 | D:4      | Reached XP level 5. HP: 26/33 MP: 4/6
  2135 | D:5      | Entered Level 5 of the Dungeon
  2243 | D:4      | Noticed Pikel
  2243 | D:4      | Noticed a lemure
  2243 | D:4      | Noticed a lemure
  2243 | D:4      | Noticed a lemure
  2243 | D:4      | Noticed a lemure
  2296 | D:5      | Killed a lemure
  2330 | D:5      | Reached skill level 1 in Invocations
  2600 | D:5      | Killed from afar by an orc priest

Illustrated notes

Levels and vault maps discovered:
D:1:      dpeg_arrival_rhombus, layout_rooms
D:2:      layout_loops_corners, okawaru_metal_pillars_1_2, st_stairs_12
D:3:      layout_loops_ring, nemelex_xobeh_ov_fountains_minmay, uniq_terence
D:4:      minmay_angry_zag, layout_basic, tso_altar,
          gammafunk_temple_overflow_claw, general_overflow_altar,
          gammafunk_ghost_grave, lemuel_statue_altar, uniq_pikel
D:5:      layout_basic, minmay_temple_entry_mist, palyth_stone_intersect

Skill      XL: |  1  2  3  4  5 |
---------------+----------------+-----
Axes           | 3 |  3.3
Armour         | 1 |  1.4
Throwing       | 1 |  1.2
Shields        | 1 |  1.2
Invocations    | 1 |  1.1
Fighting       | |  3.7
Dodging        | |  2.9
Stealth        | |  2.9
Spellcasting   | |  0.8

Action                   |  1- 3 |  4- 6 || total
-------------------------+-------+-------++-------
Melee: Hand axe          |   108 |   114 ||   222
Throw: Dart              |     9 |       ||     9
Invok: Heroism           |       |     4 ||     4
Evoke: Wand              |       |     1 ||     1
  Use: Scroll            |     7 |     1 ||     8
       Potion            |       |     3 ||     3
 Stab: Sleeping          |     1 |     1 ||     2
Armor: Robe              |    22 |       ||    22
       Leather armour    |     9 |    66 ||    75
Dodge: Dodged            |    74 |    89 ||   163
Block: Buckler           |     5 |    23 ||    28
